 Dungeon Crawl Stone Soup version 0.27.1-3-gb3d3a73c9e (webtiles) character file.

Game seed: 7746427228347184538

44 omarspendo the Skirmisher (level 3, -4/33 HPs)
             Began as a Hill Orc Fighter on Oct 21, 2021.
             Slain by Sigmund (10 damage)
             ... on level 2 of the Dungeon.
             The game lasted 00:06:03 (2403 turns).

omarspendo the Skirmisher (Hill Orc Fighter)        Turns: 2403, Time: 00:06:03

Health: -4/33      AC:  7    Str: 18    XL:     3   Next: 62%
Magic:  3/3        EV:  7    Int:  8    God:
Gold:   51         SH:  9    Dex: 11    Spells: 2/2 levels left

rFire    . . .     SeeInvis .   a - +1 war axe
rCold    . . .     Faith    .   c - +0 kite shield
rNeg     . . .     Spirit   .   b - +0 scale mail
rPois    .         Reflect  .   (no helmet)
rElec    .         Harm     .   (no cloak)
rCorr    .         Rampage  .   (no gloves)
Will     .....                  (no boots)
Stlth    ..........             (no amulet)
HPRegen  0.11/turn              (no ring)
MPRegen  0.08/turn              (no ring)

@: no status effects
A: no striking features
a: no special abilities


You were on level 2 of the Dungeon.
You visited 1 branch of the dungeon, and saw 2 of its levels.

You collected 51 gold pieces.

Inventory:

Hand Weapons
 a - a +1 war axe (weapon)
Missiles
 j - 7 arrows
Armour
 b - a +0 scale mail (worn)
 c - a +0 kite shield (worn)
Scrolls
 e - a scroll of enchant weapon
 g - a scroll of vulnerability {unknown}
 h - a scroll of noise {unknown}
 k - 2 scrolls of identify {unknown}
Potions
 d - 2 potions of might
 f - a potion of degeneration {unknown}
 i - a potion of resistance {unknown}
 l - a potion of lignification {unknown}


   Skills:
 + Level 4.1 Fighting
 + Level 3.7 Axes
 + Level 3.7 Armour
 + Level 3.6 Shields


You had 2 spell levels left.
You didn't know any spells.
Your spell library was empty.

Dungeon Overview and Level Annotations

Branches:
Dungeon (2/15)

Altars:
Beogh

Shops:
D:2 [

Annotations:
D:2 Sigmund


Message History

The adder bites you.
You are poisoned.
The adder poisons you!
You closely miss the adder.
You feel sick. The bat hits you but does no damage.
You block the adder's attack. Something hits you.
Deactivating autopickup; reactivate with Ctrl-A.
The adder bites you but does no damage.
You miss the adder. You barely miss the bat.
You feel sick. You block the bat's attack.
The adder bites you but does no damage. Something hits you but does no damage.
You block the adder's attack.
You barely miss the bat. You closely miss the adder.
You feel sick. The bat misses you. The adder bites you.
You block something's attack. The bat hits you. The adder bites you.
You barely miss the bat.
Your shield and scale mail prevent you from hitting the adder.
You feel sick.
You are no longer poisoned.
The bat hits you but does no damage. The adder bites you but does no damage.
Something hits you. You block the adder's attack.
You hit the rat but do no damage. You hit the dart slug.
You closely miss the adder. You hit the bat.
You kill the bat!
The adder bites you but does no damage. You block the rat's attack.
A magic dart appears from out of thin air!
The magic dart hits you!
* * * LOW HITPOINT WARNING * * *
The dart slug closely misses you. The adder bites you.
* * * LOW HITPOINT WARNING * * *
The rat bites you but does no damage. Something hits you but does no damage.
An adder comes into view.
The adder hisses angrily.
You block the rat's attack.
An endoplasm comes into view.
The endoplasm quivers.
You block the adder's attack.
You slash the adder!
You kill the adder!
You barely miss the rat. You hit the adder.
The adder bites you but does no damage. Something hits you!
You die...

#.#.. .......[#.##.....#
#...# ........#........#
##... ...... ...###....#
##.# ...J..##.........#
#†.
................######..
...........##......#....
........r..#............
#.....@S...).........##
#.......w...>.........#
#.....................#
#.................#....
#.######...#.<.....##..
# #................
........###....##.
......... ..##.. .


You could see an adder, a dart slug, an endoplasm and a rat.

Vanquished Creatures
  An adder (D:2)
  A dart slug (D:2)
  2 orcs (D:2)
  3 bats (D:2)
  4 endoplasms
  2 giant cockroaches
  2 hobgoblins (D:1)
  3 jackals (D:2)
  2 kobolds
  2 quokkas
  6 ball pythons (D:1)
  5 goblins
  A rat (D:1)
34 creatures vanquished.

Vanquished Creatures (others)
  A goblin (D:2)
1 creature vanquished.

Grand Total: 35 creatures vanquished

Notes
Turn   | Place    | Note
-------+----------+-------------------------------------------
     0 | D:1      | omarspendo the Hill Orc Fighter began the quest for the
                  | Orb.
     0 | D:1      | Reached XP level 1. HP: 19/19 MP: 1/1
   552 | D:1      | Reached XP level 2. HP: 25/27 MP: 2/2
  1042 | D:1      | Reached skill level 4 in Fighting
  1472 | D:2      | Reached XP level 3. HP: 19/33 MP: 3/3
  1832 | D:2      | Found a roughly hewn altar of Beogh.
  1843 | D:2      | Found Hamofuig's Armour Shop.
  2235 | D:2      | Found a faded altar of an unknown god.
  2388 | D:2      | Noticed Sigmund
  2403 | D:2      | Slain by Sigmund

Illustrated notes

Levels and vault maps discovered:
D:1:      giann_forest_graveyard, layout_rooms, minmay_misc_feat_secret_circle
D:2:      layout_rooms, hellmonk_ecumenical_altar_defaced_shrine, serial_shops,
          shop, uniq_crazy_yiuf_cottage, uniq_sigmund

Skill      XL: |  1  2 |
---------------+-------+-----
Axes           | 3 |  3.7
Fighting       | 4 |  4.1
Armour         | |  3.7
Shields        | |  3.6

Action                   || total
-------------------------++-------
Melee: War axe           ||    82
  Use: Scroll            ||     1
Armor: Scale mail        ||    59
Dodge: Dodged            ||    25
Block: Kite shield       ||    62
